 Dungeon Crawl Stone Soup version 0.29.1-12-g30fa7ad0bf (webtiles) character file.

Game seed: 2124536269400167767

1324 nightchill the Grappler (level 8, -1/78 (81) HPs)
             Began as a Troll Fighter on Dec 21, 2022.
             Slain by a wight
             ... wielding a +2 great sword of freezing
              (7 damage)
             ... on level 6 of the Dungeon.
             The game lasted 00:06:43 (3981 turns).

nightchill the Grappler (Troll Fighter)             Turns: 3981, Time: 00:06:43

HP:   -1/78 (81)    AC:  4    Str: 27    XL:     8   Next: 33%
MP:   7/7           EV: 10    Int:  4    God:
Gold: 239           SH:  0    Dex:  9    Spells: 7/7 levels left

rFire   . . .      SeeInvis .     - Unarmed
rCold   . . .      Faith    .   h - orb {light}
rNeg    . . .      Spirit   .   a - +0 robe
rPois   .          Reflect  .   (helmet restricted)
rElec   .          Harm     .   (no cloak)
rCorr   .          Rampage  .   (gloves unavailable)
Will    .....                   (boots unavailable)
Stlth   +.........              (no amulet)
HPRegen 1.03/turn               (no ring)
MPRegen 0.10/turn               (no ring)

@: glowing, lightly drained
A: large, unfitting armour, claws 3, regeneration 1, shaggy fur 1, tough skin 1
a: no special abilities


You were on level 6 of the Dungeon.
You visited 1 branch of the dungeon, and saw 6 of its levels.

You collected 239 gold pieces.

Inventory:

Hand Weapons
 u - the +10 whip of Paper {flame, rElec}
   (You found it on level 4 of the Dungeon)

   It burns those it strikes, dealing additional fire damage.
   rElec:     It insulates you from electricity.
Missiles
 n - 11 poisoned darts (quivered)
 s - 6 large rocks
 w - a throwing net
 x - 3 boomerangs
Armour
 a - a +0 robe (worn)
 b - a +0 kite shield
 h - an orb of light (worn)
Wands
 t - a wand of iceblast (8)
Scrolls
 d - a scroll of amnesia {unknown}
 e - 3 scrolls of vulnerability {unknown}
 f - 2 scrolls of fog {unknown}
 g - 4 scrolls of teleportation {unknown}
 m - a scroll of magic mapping {unknown}
 o - a scroll of enchant weapon {unknown}
 q - 3 scrolls of identify {unknown}
 r - 2 scrolls of noise {unknown}
 v - a scroll of silence {unknown}
 y - a scroll of poison {unknown}
Potions
 c - 2 potions of might
 i - 2 potions of mutation {unknown}
 j - 2 potions of flight {unknown}
 k - 4 potions of curing {unknown}
 l - 2 potions of cancellation {unknown}
 p - a potion of heal wounds {unknown}


   Skills:
 + Level 5.4 Fighting
 - Level 2.4 Dodging
 - Level 2.6 Shields
 * Level 8.6 Unarmed Combat


You had 7 spell levels left.
You didn't know any spells.
Your spell library contained the following spells:

 Spells                   Type           Power      Damage    Failure   Level
 Slow                     Hex            0%         N/A       50%         1
 Ensorcelled Hibernation  Hex/Ice        0%         N/A       65%         2
 Passwall                 Tmut/Erth      0%         N/A       65%         2
 Poisonous Vapours        Pois/Air       0%         N/A       65%         2
 Confusing Touch          Hex            0%         N/A       86%         3
 Swiftness                Air            0%         N/A       86%         3
 Vampiric Draining        Necr           0%         2d6       86%         3
 Corpse Rot               Necr/Pois/Air  0%         N/A       99%         4


Dungeon Overview and Level Annotations

Branches:
Dungeon (6/15)
 Temple: D:4-7

Altars:
Ashenzari
Kikubaaqudgha
Makhleb
Ru


Innate Abilities, Weirdness & Mutations

You are too large for most types of armour.
You have claws for hands.
Your natural rate of healing is unusually fast.
You are covered in fur. (AC +1)
You have tough skin. (AC +1)


Message History

You claw the shadow imp!
You kill the shadow imp!
You claw the necrophage!
The necrophage is heavily damaged.
The necrophage hits you.
You feel drained.
You scratch the necrophage.
The necrophage is heavily damaged.
A gnoll comes into view. It is wielding a +0 spear.
The necrophage hits you.
You feel drained.
You claw the necrophage!
You destroy the necrophage!
Your life force feels restored.
You mangle the gnoll!!
You kill the gnoll!
The gnoll sergeant hits you with a +0 trident of protection.
The wight barely misses you.
Items here: )) [ †.
You claw the gnoll sergeant!
The gnoll sergeant is moderately wounded.
The gnoll hits you but does no damage. The wight hits you with a +4 scimitar!
You feel drained.
The gnoll sergeant hits you with a +0 trident of protection!
You mangle the gnoll sergeant!!
You kill the gnoll sergeant!
You hear a shout!
The gnoll closely misses you.
A gnoll comes into view. It is wielding a +3 spear.
The wight hits you with a +4 scimitar!!
You feel drained.
* * * LOW HITPOINT WARNING * * *
You hear a shout!
The wight attacks as you move away! The wight hits you with a +4 scimitar!
* * * LOW HITPOINT WARNING * * *
Okay, then.
The wight attacks as you move away! The wight closely misses you.
The wight attacks as you move away! The wight barely misses you.
The wight attacks as you move away!
The wight hits you with a +2 great sword of freezing!
* * * LOW HITPOINT WARNING * * *
The wight freezes you!
You die...

....#......# .####..#.#.# ##...
.......#.#.# ...## #####)#..#.###
#...# #.#......# #...###### ##
### #......#.# #........# #. ..#
#........#####...####.# #.
..###.#...#..#............######.
....)...........@zggz.z.....)).#.
..###>#......#........)...###....
..# #.###.#.######...####.# #..#!
### #.......# #........###..#.
#####.### #.#.######...... #.#
#...# #.#..#. #.# ######.####
#.#..#. #########.# #..........#
#.#.... ..........# #.####..##.#
##......


You could see 3 wights and 2 gnolls.

Vanquished Creatures
  2 water moccasins (D:6)
  4 ogres
  2 black bears
  A gnoll sergeant (D:6)
  A necrophage (D:6)
  3 scorpions
  A wight (D:6)
  A howler monkey (D:4)
  A hound (D:6)
  Jessica (D:2)
  Terence (D:3)
  An iguana (D:5)
  A gnoll (D:6)
  4 adders
  A shadow imp (D:6)
  A white imp (D:5)
  An ufetubus (D:5)
  A dart slug (D:4)
  9 orcs
  4 endoplasms
  10 goblins
  5 hobgoblins
  A jackal (D:2)
  2 quokkas
  6 ball pythons
  6 bats
  3 frilled lizards
  10 kobolds
  4 rats
88 creatures vanquished.

Notes
Turn   | Place    | Note
-------+----------+-------------------------------------------
     0 | D:1      | nightchill the Troll Fighter began the quest for the Orb.
     0 | D:1      | Reached XP level 1. HP: 22/22 MP: 0/0
   260 | D:1      | Reached XP level 2. HP: 29/29 MP: 1/1
   462 | D:1      | Found a faded altar of an unknown god.
   795 | D:2      | Reached skill level 3 in Unarmed Combat
   912 | D:2      | Reached XP level 3. HP: 35/36 MP: 2/2
  1140 | D:2      | Noticed Jessica
  1147 | D:2      | Killed Jessica
  1148 | D:2      | Reached XP level 4. HP: 39/45 MP: 3/3
  2036 | D:3      | Found a sacrificial altar of Ru.
  2047 | D:3      | Found a broken altar of Ashenzari.
  2050 | D:3      | Reached skill level 4 in Unarmed Combat
  2347 | D:3      | Noticed Terence
  2352 | D:3      | Killed Terence
  2621 | D:4      | Reached XP level 5. HP: 36/53 MP: 4/4
  2902 | D:4      | Identified the +2 ring mail of Niojeesk {Int+3 Dex-3}
  2978 | D:4      | Found an ancient bone altar of Kikubaaqudgha.
  2994 | D:4      | Identified the +10 whip of Paper {flame, rElec}
  3153 | D:5      | Entered Level 5 of the Dungeon
  3278 | D:5      | Found a burning altar of Makhleb.
  3292 | D:5      | Noticed a black bear
  3293 | D:5      | Noticed an ogre
  3322 | D:5      | Killed an ogre
  3323 | D:5      | Reached skill level 5 in Unarmed Combat
  3323 | D:5      | Reached XP level 6. HP: 60/62 MP: 5/5
  3356 | D:5      | Reached skill level 6 in Unarmed Combat
  3413 | D:5      | Reached XP level 7. HP: 35/71 MP: 6/6
  3748 | D:6      | Reached skill level 7 in Unarmed Combat
  3836 | D:6      | Reached skill level 5 in Fighting
  3836 | D:6      | Reached XP level 8. HP: 79/80 MP: 7/7
  3909 | D:6      | Reached skill level 8 in Unarmed Combat
  3981 | D:6      | Slain by a wight

Illustrated notes

Levels and vault maps discovered:
D:1:      mushboom_english_gardens, layout_basic,
          shapermc_ecumenical_altar_acropolis, amcnicky_mini_corridor_feature
D:2:      minmay_skewed_foursquare, layout_basic, uniq_jessica
D:3:      layout_loops_ring, mainiacjoe_overflow_big_doors,
          kennysheep_generic_room_13, uniq_terence
D:4:      layout_rooms, nicolae_overflow_crystal_walls
D:5:      layout_rooms, lemuel_tele_altar
D:6:      layout_loops_cross, nicolae_overflow_hidden_temple, enter_ossuary_3

Skill      XL: |  1  2  3  4  5  6  7  8 |
---------------+-------------------------+-----
Unarmed Combat | 3 4 5 6 7 8 |  8.6
Fighting       | 3 4 5 |  5.4
Dodging        | |  2.4
Shields        | |  2.6

Action                   |  1- 3 |  4- 6 |  7- 9 || total
-------------------------+-------+-------+-------++-------
Melee: Unarmed           |    97 |    74 |    49 ||   220
Armor: Robe              |    41 |    25 |    12 ||    78
Dodge: Dodged            |    32 |    57 |    25 ||   114
Block: Kite shield       |    17 |       |       ||    17
